 Dungeon Crawl Stone Soup version 0.29.1-2-gbd0b4ee654 (webtiles) character file.

Game seed: 15244758762878048035

631 GorkyZ the Covered (level 7, -2/44 HPs)
             Began as a Gargoyle Fighter on Nov 27, 2022.
             Killed by an exploding Edmund (37 damage)
             ... ignited by their inner flame
             ... on level 5 of the Dungeon.
             The game lasted 00:06:31 (4169 turns).

GorkyZ the Covered (Gargoyle Fighter)               Turns: 4169, Time: 00:06:33

Health: -2/44      AC: 13    Str: 21    XL:     7   Next: 48%
Magic:  7/7        EV: 11    Int:  9    God:
Gold:   227        SH:  4    Dex:  9    Spells: 6/6 levels left

rFire   . . .      SeeInvis .   a - +1 war axe
rCold   . . .      Faith    .   c - +0 buckler
rNeg    + . .      Spirit   .   A - +2 robe {Will+}
rPois   ∞          Reflect  .   (no helmet)
rElec   +          Harm     .   t - +2 cloak
rCorr   .          Rampage  .   C - +0 pair of gloves
Will    +....                   (no boots)
Stlth   +.........              (no amulet)
HPRegen 0.14/turn               (no ring)
MPRegen 0.10/turn               (no ring)

@: no status effects
A: sickness immunity, AC +4, negative energy resistance 1, electricity
resistance, torment resistance 1, petrification resistance
a: no special abilities


You were on level 5 of the Dungeon.
You visited 1 branch of the dungeon, and saw 5 of its levels.

You collected 227 gold pieces.

Inventory:

Hand Weapons
 a - a +1 war axe (weapon)
Missiles
 j - 2 poisoned darts (quivered)
Armour
 b - a +0 scale mail
 c - a +0 buckler (worn)
 t - a +2 cloak (worn)
 A - a +2 robe of willpower (worn)
 C - a +0 pair of gloves (worn)
Jewellery
 i - a ring of protection from cold
 o - an amulet of guardian spirit
 q - a ring of ice
Wands
 u - a wand of flame (13)
 E - a wand of iceblast (13)
Scrolls
 g - 3 scrolls of teleportation
Potions
 d - a potion of might
 h - a potion of curing
 k - 2 potions of lignification
 l - a potion of attraction {unknown}
 m - a potion of brilliance {unknown}
 n - a potion of haste {unknown}
 s - a potion of heal wounds {unknown}
 v - a potion of berserk rage {unknown}
 z - 2 potions of degeneration {unknown}
 B - a potion of flight {unknown}
 D - a potion of cancellation {unknown}


   Skills:
 + Level 4.5 Fighting
 + Level 3.1 Axes
 + Level 2.4 Throwing
 + Level 4.5 Armour
 + Level 2.2 Dodging
 + Level 4.5 Shields
 + Level 2.3 Evocations


You had 6 spell levels left.
You didn't know any spells.
Your spell library contained the following spells:

 Spells                   Type           Power      Damage    Failure   Level
 Slow                     Hex            0%         N/A       45%         1
 Confusing Touch          Hex            0%         N/A       83%         3
 Vampiric Draining        Necr           0%         2d6       83%         3


Dungeon Overview and Level Annotations

Branches:
Dungeon (5/15)
 Temple: D:4-7

Altars:
The Shining One

Annotations:
D:3 1 runed translucent door, Crazy Yiuf


Innate Abilities, Weirdness & Mutations

You are immune to sickness and miasma.
Your stone body is resilient. (AC +4)
You are immune to poison.
You resist negative energy. (rN+)
You are resistant to electric shocks. (rElec)
You are resistant to unholy torment.
You are immune to petrification.


Message History

You hear a shout!
As you read the scroll labelled LAOKKE YPOLEUS, it crumbles to dust.
You feel strangely unstable.
It was a scroll of teleportation.
As you read the scroll labelled XOGROPT INEUN, it crumbles to dust.
You hear the tinkle of a tiny bell.
It was a scroll of butterflies.
As you read the scroll labelled SYOQUA QIPLI, it crumbles to dust.
You assume a fearsome visage.
Nothing appears to happen.
It was a scroll of fear.
As you read the scroll labelled TAYHOI UVOMIMM, it crumbles to dust.
It is a scroll of enchant weapon.
Your +0 war axe glows red for a moment.
Your surroundings suddenly seem different.
Edmund the Younger comes into view.
He is wielding a +0 dire flail of protection.
Found 2 stones, a runed mace and a scroll labelled IZIAGU MEEB.
Found a stone staircase leading up.
Edmund shouts!
As you read the scroll labelled HODWAER VONWOFF, it crumbles to dust.
The creatures around you are filled with an inner flame!
It was a scroll of immolation.
As you read the scroll labelled JUGEL PURISS, it crumbles to dust.
Wisps of shadow whirl around you...
It was a scroll of summoning.
You barely miss Edmund. You block Edmund's attack.
You barely miss Edmund.
Edmund hits you with a +0 dire flail of protection.
Your gnoll closely misses Edmund.
Your iguana bites Edmund!
Flame seeps out of Edmund.
You slash Edmund!
Flame seeps out of Edmund.
Edmund is heavily wounded.
Edmund is engulfed in blazing flames.
Flame seeps out of Edmund.
Edmund hits you with a +0 dire flail of protection!
Your gnoll hits Edmund but does no damage.
Your iguana bites Edmund.
Flame seeps out of Edmund.
Your gnoll closely misses Edmund.
Edmund is engulfed in blazing flames.
Edmund explodes!
The fiery explosion engulfs your gnoll!!!
You kill your gnoll!
Your gnoll's corpse dissolves into shadows!
The fiery explosion engulfs you!!!
Ouch! That really hurt!
You die...

#...# #...# #
#####...#####.#
#......?.......
#..............
#...(.§.g......
#......°.g.....
......§@l......
#..............
.........######
.).......#
.........#
<........#
##.#+##### ..


You could see a friendly iguana (summoned) and 2 friendly gnolls.

Vanquished Creatures
  Grinder (D:3)
  Sigmund (D:4)
  Edmund (D:5)
  A phantom (D:4)
  A hound (D:4)
  An orc priest (D:4)
  4 gnolls (D:4)
  An adder (D:4)
  3 worms
  A dart slug (D:3)
  3 orcs
  4 ball pythons
  7 bats
  2 endoplasms
  A giant cockroach (D:3)
  7 goblins
  4 hobgoblins
  12 jackals
  2 kobolds
  3 quokkas
  4 frilled lizards
  2 rats
66 creatures vanquished.

Vanquished Creatures (others)
  A fungus (D:1)
1 creature vanquished.

Grand Total: 67 creatures vanquished

Notes
Turn   | Place    | Note
-------+----------+-------------------------------------------
     0 | D:1      | GorkyZ the Gargoyle Fighter began the quest for the Orb.
     0 | D:1      | Reached XP level 1. HP: 14/14 MP: 1/1
   249 | D:1      | Reached XP level 2. HP: 19/19 MP: 2/2
   803 | D:1      | Reached XP level 3. HP: 20/23 MP: 3/3
   871 | D:1      | Found a faded altar of an unknown god.
  1886 | D:3      | Noticed Grinder
  1889 | D:3      | Paralysed by Grinder for 4 turns
  1896 | D:3      | Paralysed by Grinder for 4 turns
  1908 | D:3      | Killed Grinder
  1909 | D:3      | Reached skill level 1 in Throwing
  1909 | D:3      | Reached skill level 1 in Dodging
  1909 | D:3      | Reached skill level 1 in Evocations
  1909 | D:3      | Reached XP level 4. HP: 3/29 MP: 4/4
  1909 | D:3      | Reached XP level 5. HP: 4/33 MP: 5/5
  1909 | D:3      | Reached XP level 6. HP: 5/38 MP: 6/6
  2512 | D:3      | Found a runed translucent door.
  2559 | D:3      | Noticed Crazy Yiuf
  3201 | D:4      | Found a glowing golden altar of the Shining One.
  3293 | D:4      | Reached XP level 7. HP: 24/44 MP: 7/7
  3482 | D:4      | Noticed Sigmund
  3504 | D:4      | Killed Sigmund
  4157 | D:5      | Entered Level 5 of the Dungeon
  4164 | D:5      | Noticed Edmund
  4169 | D:5      | Killed Edmund
  4169 | D:5      | Killed by an exploding Edmund... ignited by their inner
                  | flame

Illustrated notes

Levels and vault maps discovered:
D:1:      mrwooster_arrival_arrow, layout_basic,
          shapermc_ecumenical_altar_mp_urbaneastern
D:2:      layout_basic
D:3:      layout_rooms, due_unseen_surprise, uniq_crazy_yiuf_cottage,
          uniq_grinder
D:4:      layout_loops_ring, mainiacjoe_overflow_cross_hatched,
          minmay_misc_feat_chi, uniq_sigmund
D:5:      layout_basic, serial_shops, shop_fountains, uniq_duvessa, uniq_edmund

Skill      XL: |  1  2  3  4  5  6  7 |
---------------+----------------------+-----
Axes           | 2 3 |  3.1
Fighting       | 4 |  4.5
Throwing       | 1 2 |  2.4
Armour         | 4 |  4.5
Dodging        | 1 2 |  2.2
Shields        | 4 |  4.5
Evocations     | 1 2 |  2.3

Action                   |  1- 3 |  4- 6 |  7- 9 || total
-------------------------+-------+-------+-------++-------
Melee: War axe           |   110 |    83 |    61 ||   254
  Use: Scroll            |       |       |     9 ||     9
Armor: Scale mail        |    84 |    57 |    19 ||   160
       Robe              |       |       |    13 ||    13
Dodge: Dodged            |    60 |    37 |    28 ||   125
Block: Buckler           |    25 |    18 |     8 ||    51
